 Dungeon Crawl Stone Soup version 0.31-a0-175-g9f7f995f2b (webtiles) character file.

Game seed: 15988084629380833051

78 qw the Shooter (level 4, 0/28 HPs)
             Began as a Gargoyle Hunter on June 16, 2023.
             Slain by a gnoll
             ... wielding a +0 flail
              (2 damage)
             ... on level 2 of the Dungeon.
             The game lasted 00:00:20 (911 turns).

qw the Shooter (Gargoyle Hunter)                     Turns: 911, Time: 00:00:20

Health: 0/28       AC:  9    Str: 14    XL:     4   Next: 36%
Magic:  4/4        EV: 11    Int: 10    God:
Gold:   27         SH:  0    Dex: 15    Spells: 3/3 levels left

rFire   . . .        Y - +0 shortbow
rCold   . . .        (shield currently unavailable)
rNeg    + . .        e - +0 ring mail
rPois   inf          (no helmet)
rElec   +            (no cloak)
rCorr   .            (no gloves)
SInv    .            (no boots)
Will    .....        (no amulet)
Stlth   +            (no ring)
HPRegen 0.24/turn    (no ring)
MPRegen 0.09/turn

%: no passive effects
@: no status effects
A: sickness immunity, AC +3, negative energy resistance 1, electricity
resistance, torment resistance 1, petrification resistance
a: no special abilities


You were on level 2 of the Dungeon.
You visited 1 branch of the dungeon, and saw 2 of its levels.

You collected 48 gold pieces.
You spent 21 gold pieces at shops.


Innate Abilities, Weirdness & Mutations

You are immune to sickness and miasma.
Your stone body is resilient. (AC +3)
You are immune to poison.
You resist negative energy. (rN+)
You are resistant to electric shocks. (rElec)
You are resistant to unholy torment.
You are immune to petrification.


   Skills:
 - Level 3.0 Fighting
 + Level 5.0 Ranged Weapons
 - Level 1.9 Armour
 - Level 1.5 Dodging
 - Level 1.1 Stealth


You had 3 spell levels left.
You didn't know any spells.
Your spell library was empty.

Inventory:

Hand Weapons
 Y - a +0 shortbow (weapon)
Armour
 e - a +0 ring mail (worn)
Scrolls
 a - a scroll of enchant armour {unknown}
Potions
 b - a potion of haste {unknown}
 c - a potion of lignification {unknown}
 d - a potion of berserk rage {unknown}
 h - 2 potions of curing {unknown}

Dungeon Overview and Level Annotations

Branches:
Dungeon (2/15)

Altars:

Shops:
D:2 *


Message History

Enter note: You shoot an arrow.
The arrow closely misses the gnoll.
You hear a shout!
A gnoll comes into view. It is wielding a +0 halberd.
You shoot an arrow. The arrow barely misses the gnoll.
You shoot an arrow.
The arrow hits the gnoll but does no damage.
The gnoll hits you from afar with a +0 halberd!
You shoot an arrow. The arrow closely misses the gnoll.
The arrow hits the gnoll.
The gnoll is moderately wounded.
The gnoll hits you from afar with a +0 halberd!
A gnoll comes into view. It is wielding a +0 flail.
You shoot an arrow. The gnoll shouts!
The arrow hits the gnoll but does no damage.
A rat comes into view.
The gnoll hits you but does no damage.
You shoot an arrow. The arrow hits the gnoll.
The gnoll is moderately wounded.
The gnoll barely misses you.
You shoot an arrow. The arrow hits the gnoll!
The gnoll is almost dead.
The gnoll closely misses you.
You shoot an arrow. The arrow hits the gnoll!
You kill the gnoll!
You shoot an arrow. The arrow barely misses the gnoll.
The arrow hits the gnoll.
The gnoll is lightly wounded.
The gnoll hits you with a +0 flail.
You shoot an arrow. The arrow hits the gnoll.
The gnoll is severely wounded.
A dart slug comes into view.
You shoot an arrow. The arrow hits the gnoll.
You kill the gnoll!
The gnoll hits you with a +0 flail.
Your Fighting skill increases to level 3!
You shoot an arrow. The arrow hits the gnoll.
The gnoll is heavily wounded.
The gnoll closely misses you. The gnoll hits you with a +0 flail.
You die...

#.....# #.....#
#....)#######
#...........#####
#......####.....#
#.......######... ..
#######......#...
....##### ######.....
..w..rg@####### ##....
...####)......#######...
#######...........
#########... #... #... #
#... . #.#### ####
#..#....####


You could see a gnoll, a dart slug and a rat.

Vanquished Creatures
  Natasha (D:2)
  2 gnolls (D:2)
  2 dart slugs (D:1)
  3 endoplasms (D:1)
  2 giant cockroaches (D:1)
  4 hobgoblins (D:1)
  3 kobolds
  3 quokkas (D:1)
  A bat (D:1)
  A frilled lizard (D:1)
  2 goblins (D:1)
  5 rats
29 creatures vanquished.

Notes
Turn   | Place    | Note
-------+----------+-------------------------------------------
     0 | D:1      | qw the Gargoyle Hunter began the quest for the Orb.
     0 | D:1      | Reached XP level 1. HP: 12/12 MP: 1/1
     0 | D:1      | 0 ||| qw: Version: 0.2-a-29-g511e9b1
     0 | D:1      | 0 ||| qw: Game counter: 5766
     0 | D:1      | 0 ||| qw: Always use a shield: true
     0 | D:1      | 0 ||| qw: God list: Okawaru
     0 | D:1      | 0 ||| qw: Allow faded altars: false
     0 | D:1      | 0 ||| qw: Do Orc after D:15 true
     0 | D:1      | 0 ||| qw: Do second Lair branch before Depths: true
     0 | D:1      | 0 ||| qw: Lair rune preference: random
     0 | D:1      | 0 ||| qw: Plans: Normal, Zot:1-4, Slime:5, God:TSO, Crypt,
                  | Tomb, Abyss, Pan, Hells, Win
     0 | D:1      | 0 ||| PLANNING D:1-11
    80 | D:1      | Reached XP level 2. HP: 17/17 MP: 2/2
   331 | D:1      | Reached XP level 3. HP: 21/21 MP: 3/3
   355 | D:1      | Reached skill level 5 in Ranged Weapons
   365 | D:1      | Found a faded altar of an unknown god.
   662 | D:1      | 662 ||| UPGRADING to +0 ring mail.
   672 | D:1      | 672 ||| DROPPING +0 leather armour.
   673 | D:1      | 673 ||| READING scroll labelled GUFUUBLEDD.
   674 | D:1      | 674 ||| READING scroll labelled RAYWKO WOSEONN.
   675 | D:1      | 675 ||| READING scroll labelled AXKEVU USAR.
   680 | D:1      | 680 ||| DROPPING scroll of butterflies.
   741 | D:2      | Found Ybbus's Assorted Antiques.
   755 | D:2      | Noticed Natasha
   760 | D:2      | 760 ||| BUYING fizzy coppery potion (21 gold).
   760 | D:2      | Bought a fizzy coppery potion for 21 gold pieces
   760 | D:2      | 760 ||| SHOPLISTING iron wand (96 gold, have 18).
   760 | D:2      | 760 ||| SHOPLISTING scroll labelled JAIHOXOKOI (24 gold,
                  | have 18).
   760 | D:2      | 760 ||| SHOPLISTING scroll of teleportation (72 gold, have
                  | 18).
   765 | D:2      | Killed Natasha
   766 | D:2      | Reached skill level 1 in Armour
   868 | D:2      | Reached XP level 4. HP: 27/27 MP: 4/4
   910 | D:2      | HP: 2/27 [gnoll/+0 flail (6)]
   911 | D:2      | Reached skill level 3 in Fighting
   911 | D:2      | Slain by a gnoll

Levels and vault maps discovered:
D:1:      dpeg_arrival_arbitrary_b, layout_basic, basic_ecumenical_altar
D:2:      layout_rooms, serial_shops, nicolae_shop_statue_plus, uniq_natasha

Skill      XL: |  1  2  3  4 |
---------------+-------------+-----
Ranged Weapons | 5 |  5.0
Armour         | 1 |  1.9
Fighting       | 3 |  3.0
Dodging        | |  1.5
Stealth        | |  1.1

Action                     |  1- 3 |  4- 6 || total
---------------------------+-------+-------++-------
   Fire: Shortbow          |    72 |    12 ||    84
    Use: Scroll            |     3 |       ||     3
 Armour: Leather armour    |     4 |       ||     4
         Ring mail         |       |     1 ||     1
  Dodge: Dodged            |    12 |     3 ||    15

Table legend:
 A = Non-vault XP
 B = Vault XP
 C = Vault XP percentage of total XP
 D = Non-vault monster count
 E = Vault monster count
 F = Vault count percentage of total count
                 A         B        C        D         E       F
            +---------+---------+-------+---------+---------+-------
      Total |      77 |      35 |  31.2 |      28 |       1 |   3.4
            +---------+---------+-------+---------+---------+-------
        D:1 |      45 |       0 |   0.0 |      24 |       0 |   0.0
        D:2 |      32 |      35 |  52.2 |       4 |       1 |  20.0
            +---------+---------+-------+---------+---------+-------
